 Dungeon Crawl Stone Soup version 0.30-a0-354-g6b83867211 (webtiles) character file.

Game seed: 14356402377051410704

9517 Tef the Protected (level 11, -1/73 (86) HPs)
             Began as a Formicid Fighter on Nov 7, 2022.
             Was a Priest of Ashenzari.
             Killed by divine providence
             ... invoked by an orc priest
             ... led by an orc warlord
              (13 damage)
             ... on level 2 of the Orcish Mines on Nov 8, 2022.
             The game lasted 00:54:03 (11082 turns).

Tef the Protected (Formicid Fighter)               Turns: 11082, Time: 00:54:05

HP:   -1/73 (86)    AC: 14    Str: 28    XL:     11   Next: 75%
MP:   11/11         EV: 11    Int:  4    God:    Ashenzari [***...]
Gold: 963           SH: 17    Dex: 25    Spells: 10/10 levels left

rFire   . . .      SeeInvis +    h - +9 battleaxe "Lashed Together" {venom, *Slow Str+2 Dex+6 SInv, Alch, Bglg} (curse)
rCold   + . .      Faith    .    H - +0 tower shield "Share My Regret" {Bglg, Fort} (curse)
rNeg    . . .      Spirit   .    d - +2 scale mail {rC+}
rPois   .          Reflect  .    (helmet unavailable)
rElec   .          Harm     .    (no cloak)
rCorr   .          Rampage  .    o - +1 pair of gloves
Will    +++..      Clarity  +    (no boots)
Stlth   ..........               D - necklace of Bloodlust {*Rage Will++ Int-3 Slay+6, Melee, Evo} (curse)
HPRegen 0.32/turn                l - ring of the Bound Augur {Dex+6, Cun, Evo} (curse)
MPRegen 0.12/turn                z - +4 ring of evasion

@: silenced, heavily drained
A: permanent stasis, dig shafts and tunnels, antennae 3, four strong arms
a: Dig, Shaft Self, Renounce Religion, Shatter the Chains


You were on level 2 of the Orcish Mines.
You worshipped Ashenzari.
Ashenzari was most pleased with you.
You visited 3 branches of the dungeon, and saw 14 of its levels.

You collected 963 gold pieces.

Inventory:

Hand Weapons
 a - a +0 war axe
 h - the cursed +9 battleaxe "Lashed Together" (weapon) {venom, *Slow Str+2 Dex+6 SInv, Alch, Bglg}
   (You found it on level 2 of the Dungeon)

   It poisons the flesh of those it strikes.
   Str:       It affects your strength (+2).
   Dex:       It affects your dexterity (+6).
   SInv:      It lets you see invisible.
   *Slow:     It may slow you when you take damage.
   It has a curse which improves the following skills: Alchemy: Poison Magic and
   Transmutations.
   Beguiling: Conjurations, Hexes and Translocations.
Missiles
 g - 5 curare-tipped darts
Armour
 b - a +0 scale mail
 c - a +0 buckler
 d - a +2 scale mail of cold resistance (worn)
 o - a +1 pair of gloves (worn)
 q - a +0 kite shield
 x - +0 steam dragon scales
 H - the cursed +0 tower shield "Share My Regret" (worn) {Bglg, Fort}
   (You found it on level 9 of the Dungeon)

   It has a curse which improves the following skills: Beguiling: Conjurations,
   Hexes and Translocations.
   Fortitude: Armour and Shields.
Jewellery
 l - the cursed ring of the Bound Augur (left hand) {Dex+6, Cun, Evo}
   (You found it on level 3 of the Dungeon)

   [ring of dexterity]

   Dex:       It affects your dexterity (+6).
   It has a curse which improves the following skills: Cunning: Dodging and
   Stealth.
   Evocations: Evocations.
 y - a ring of resist corrosion
 z - a +4 ring of evasion (right hand)
 D - the cursed necklace of Bloodlust (around neck) {*Rage Will++ Int-3 Slay+6, Melee, Evo}
   (You found it on level 8 of the Dungeon)

   [amulet of nothing]

   It extends the wearer's berserk rage when killing foes.
   Int:       It affects your intelligence (-3).
   Slay:      It affects your accuracy & damage with ranged weapons and melee
   (+6).
   *Rage:     It berserks you when you make melee attacks (+50% chance).
   Will:      It greatly increases your willpower.
   It has a curse which improves the following skills: Melee Combat: Short
   Blades, Long Blades, Axes, Maces & Flails, Polearms, Staves and Unarmed
   Combat.
   Evocations: Evocations.
 I - a ring of positive energy
 J - a +6 ring of intelligence
Wands
 k - a wand of flame (20)
 n - a wand of polymorph (12)
 B - a wand of iceblast (5)
Scrolls
 i - a scroll of poison
 j - 10 scrolls of identify
 r - 3 scrolls of enchant armour
 s - 5 scrolls of fog
 v - 9 scrolls of teleportation
 A - a scroll of enchant weapon
 C - a scroll of brand weapon
 E - a scroll of silence
 G - a scroll of amnesia
Potions
 e - 5 potions of curing
 f - a potion of heal wounds
 m - 8 potions of cancellation
 p - 2 potions of ambrosia
 t - a potion of magic
 u - 2 potions of attraction
 w - a potion of flight


   Skills:
 + Level 8.1 Fighting
 - Level 10.8(12.4) Axes
 + Level 13.9(15.4) Armour
 - Level 4.0(5.5) Shields


You had 10 spell levels left.
You didn't know any spells.
Your spell library contained the following spells:

 Spells                   Type           Power      Damage    Failure   Level
 Magic Dart               Conj           0%         1d3       99%         1
 Ensorcelled Hibernation  Hex/Ice        0%         N/A       100%        2
 Passwall                 Tmut/Erth      0%         N/A       100%        2
 Searing Ray              Conj           0%         2d4       100%        2
 Gell's Gravitas          Tloc           0%         N/A       100%        3
 Kindle Blastsparks       Fire/Tloc/Air  0%         2d10      100%        3
 Lesser Beckoning         Tloc           0%         N/A       100%        3
 Teleport Other           Tloc           0%         N/A       100%        3
 Fulminant Prism          Conj/Hex       0%         3d5       100%        4
 Iskenderun's Mystic Bla  Conj/Tloc      0%         2d3       100%        4
 Lee's Rapid Deconstruct  Erth           0%         3d4*      100%        5
 Swiftness                Air            Unusable   N/A       N/A         3

Dungeon Overview and Level Annotations

Branches:
Dungeon (11/15)            Temple (1/1) D:5            Lair (0/5) D:10
    Orc (2/2) D:9             Elf (0/3) Orc:2

Altars:
Ashenzari
Cheibriados
Dithmenos
Elyvilon
Fedhas
Kikubaaqudgha
Makhleb
Nemelex Xobeh
Okawaru
Qazlal
Trog
Uskayaw
Vehumet
Wu Jian
Xom
Yredelemnul
Zin
The Shining One

Shops:
D:6 (*(!   D:9 ?   Orc:1 (   Orc:2 :*

Annotations:
D:3 Jessica
D:6 exclusion: 2 downstairs
D:7 Maggie


Innate Abilities, Weirdness & Mutations

You cannot be hasted, slowed, berserked, paralysed or teleported.
You can dig through walls and to a lower floor.
You have a pair of large antennae on your head. (SInv)
Your four strong arms can wield two-handed weapons with a shield.


Message History

The boomerang barely misses you.
You feel much better.
An orc comes into view. It is wielding a +0 dagger.
An orc comes into view. It is wielding a +0 short sword.
The orc knight hits you but does no damage.
You block the orc warlord's attack.
The orc knight attacks as you move away!
You block the orc knight's attack. You block the orc's attack.
An orc warrior comes into view. It is wielding a +0 scimitar.
The orc warlord attacks as you move away!
You block the orc warlord's attack.
An orc comes into view. It is wielding a +0 dagger of venom.
The orc moves out of view.
The orc knight attacks as you move away!
You block the orc knight's attack. You block the orc warrior's attack.
The orc warrior attacks as you move away!
You block the orc warrior's attack.
The orc knight roars a battlecry!
The orcs go into a battle-frenzy!
The orc warrior attacks as you move away!
You block the orc warrior's attack.
The orc wizard attacks as you move away!
The orc wizard hits you but does no damage.
You block the orc knight's attack.
The orc high priest prays to Beogh.
The orc wizard attacks as you move away!
The orc wizard hits you but does no damage.
The orc knight roars a battlecry!
The orcs go into a battle-frenzy!
The ynoxinul gestures.
The orc warrior closely misses you. The orc warrior completely misses you.
An orc sorcerer comes into view. It is wielding a +0 dagger.
The orc knight attacks as you move away!
The orc knight hits you with a +1 battleaxe of electrocution!
You are electrocuted!
* * * LOW HITPOINT WARNING * * *
A warg comes into view.
The orc priest invokes the aid of Beogh against you.
Beogh smites you!
You die...

, ..., #..o......, , ,
.Ph..#$........ ,, ,
....o$.<....... ,
{......o....$.. ,
,{P#....ooo.....# ... #.,
###.$O..>..###* *#...
....####.........#.# *#.... ,
.....#.#..oooo...$...###.....
............o@#{......#.......
,..............##.{{............
...........oo#.#,..............
...........oo### ,#.....<...#, ,
,#.......o.o.{# #.......PPP.# ,
##.....3o.oo## ###........... ,
##.....4ooo...# #o.....P..P.
##......oo5o.o## , o....o.....P.
........5...oo....$....P.....T..


You could see an orc warlord (strong), 3 orc knights, an orc high priest
(strong), a ynoxinul (summoned), a chaos spawn (summoned), a warg, an orc
sorcerer, 10 orc warriors, an ogre, 2 orc priests, an orc wizard (strong), 5
orcs and an ufetubus (summoned).

Vanquished Creatures
  A catoblepas (D:8)
  A death yak (D:11)
  An unseen horror (D:11)
  A hornet (D:9)
  Grinder (D:3)
  A vampire (D:10)
  Sigmund (D:3)
  5 yaks (D:9)
  A wyvern (D:10)
  A human (D:9)
  3 steam dragons
  Menkaure (D:6)
  A warg (D:9)
  An acid dragon (D:8)
  3 water moccasins
  Duvessa (D:6)
  9 orc warriors
  2 ice beasts
  2 black bears
  5 ogres
  2 centaurs
  A kobold brigand (D:8)
  Blork the orc (D:4)
  4 bullfrogs
  4 necrophages
  A gnoll sergeant (D:6)
  2 scorpions
  Dowan (D:6)
  9 wights
  10 killer bees (D:9)
  6 howler monkeys
  11 orc priests
  A gnoll bouda (D:9)
  5 hounds
  A jelly (D:6)
  17 orc wizards
  6 iguanas
  A hell rat (D:10)
  12 gnolls
  8 adders
  A white imp (D:7)
  An ufetubus (D:5)
  A dart slug (D:2)
  48 orcs
  9 endoplasms
  4 giant cockroaches
  11 goblins
  6 hobgoblins
  17 jackals
  8 kobolds
  4 quokkas
  2 ball pythons
  5 bats
  2 frilled lizards (D:1)
  10 rats
274 creatures vanquished.

Vanquished Creatures (others)
  An orc wizard (D:5)
  2 orcs (D:5)
  3 bushes (D:5)
  A fungus (Orc:2)
7 creatures vanquished.

Grand Total: 281 creatures vanquished

Notes
Turn   | Place    | Note
-------+----------+-------------------------------------------
     0 | D:1      | Tef the Formicid Fighter began the quest for the Orb.
     0 | D:1      | Reached XP level 1. HP: 18/18 MP: 1/1
   216 | D:1      | Reached XP level 2. HP: 17/24 MP: 2/2
   450 | D:1      | Reached XP level 3. HP: 29/29 MP: 3/3
   623 | D:1      | Reached skill level 4 in Armour
   706 | D:2      | Found a faded altar of an unknown god.
   722 | D:2      | Identified the +9 battleaxe "Imp's Peril" {venom, *Slow
                  | Str+2 Dex+6 SInv}
   813 | D:2      | Reached XP level 4. HP: 35/35 MP: 4/4
  1177 | D:3      | Found a glowing golden altar of the Shining One.
  1375 | D:3      | Noticed Grinder
  1380 | D:3      | Killed Grinder
  1381 | D:3      | Reached skill level 5 in Armour
  1381 | D:3      | Reached XP level 5. HP: 41/41 MP: 5/5
  1381 | D:3      | Reached XP level 6. HP: 47/47 MP: 6/6
  1598 | D:3      | Noticed Sigmund
  1601 | D:3      | Killed Sigmund
  1602 | D:3      | Reached skill level 5 in Axes
  1602 | D:3      | Reached skill level 6 in Armour
  1602 | D:3      | Reached XP level 7. HP: 52/52 MP: 7/7
  1775 | D:3      | Noticed Jessica
  2224 | D:4      | Noticed Blork the orc
  2234 | D:4      | Killed Blork the orc
  2358 | D:4      | Reached skill level 7 in Armour
  2462 | D:4      | Found a stormy altar of Qazlal.
  2849 | D:5      | Entered Level 5 of the Dungeon
  2866 | D:5      | Reached XP level 8. HP: 58/58 MP: 8/8
  2894 | D:5      | Found a staircase to the Ecumenical Temple.
  3228 | D:5      | HP: 2/58 [something/ball of steam (20)]
  3236 | D:5      | Reached skill level 8 in Armour
  3764 | D:5      | Found a sparkling altar of Nemelex Xobeh.
  3914 | D:6      | Reached XP level 9. HP: 34/64 MP: 9/9
  4044 | Temple   | Entered the Ecumenical Temple
  4076 | Temple   | Became a worshipper of Ashenzari the Shackled
  4147 | D:5      | Reached skill level 9 in Armour
  4276 | D:6      | Found Onny's Weapon Shop.
  4417 | D:6      | Noticed Menkaure
  4429 | D:6      | Killed Menkaure
  4490 | D:6      | Found a blossoming altar of Fedhas.
  4597 | D:6      | Found Zuzor's Weapon Shop.
  4599 | D:6      | Found Enwinam's Distillery.
  4733 | D:6      | Found Qyon's General Store.
  4777 | D:6      | Found a burning altar of Makhleb.
  4778 | D:6      | Found a bloodstained altar of Trog.
  4872 | D:6      | Reached skill level 10 in Armour
  5058 | D:6      | Noticed Dowan
  5060 | D:6      | Noticed Duvessa
  5299 | D:6      | Noticed a +0 hand axe
  5300 | D:6      | Found a hide-covered altar of Uskayaw.
  5300 | D:6      | Noticed a +0 hand axe
  5345 | D:6      | Killed Dowan
  5350 | D:6      | Killed Duvessa
  5463 | D:6      | Reached XP level 10. HP: 60/70 MP: 10/10
  5791 | D:7      | Noticed Maggie
  6219 | D:7      | Reached skill level 11 in Armour
  6330 | D:7      | Reached skill level 10 in Axes
  6503 | D:8      | Reached * piety under Ashenzari
  6561 | D:8      | Found a snail-covered altar of Cheibriados.
  6716 | D:8      | Found the necklace of Bloodlust {*Rage Will++ Int-3 Slay+6}
  6855 | D:8      | Reached ** piety under Ashenzari
  7318 | D:8      | Noticed a catoblepas
  7411 | D:9      | Found a shadowy altar of Dithmenos.
  7416 | D:9      | Found Qidak's Magic Scroll Emporium.
  7503 | D:9      | Reached skill level 12 in Armour
  7543 | D:9      | Identified the +1 leather armour of the Countless Stars
                  | {Rampage rCorr Str+3 Int-2}
  7639 | D:9      | Found a staircase to the Orcish Mines.
  7702 | D:9      | Reached XP level 11. HP: 70/78 MP: 11/11
  7708 | D:9      | Reached skill level 5 in Fighting
  7985 | D:9      | Found a glowing silver altar of Zin.
  8376 | D:10     | Entered Level 10 of the Dungeon
  8477 | D:10     | Noticed a death yak
  8477 | D:10     | Noticed a death yak
  8559 | D:8      | Killed a catoblepas
  8560 | D:8      | Reached skill level 13 in Armour
  9826 | D:10     | Found a staircase to the Lair.
  9827 | D:10     | Noticed a death yak
  9882 | D:11     | Killed a death yak
 10031 | D:11     | Noticed a cyclops
 10142 | Orc:1    | Entered Level 1 of the Orcish Mines
 10364 | Orc:1    | Found Feupezeu's Weapon Emporium.
 10474 | Orc:1    | Reached *** piety under Ashenzari
 10977 | Orc:2    | Entered Level 2 of the Orcish Mines
 10977 | Orc:2    | Noticed an orc high priest
 10977 | Orc:2    | Found Gienoehirch's General Store.
 11062 | Orc:2    | Noticed an orc warlord
 11062 | Orc:2    | Found a staircase to the Elven Halls.
 11071 | Orc:1    | You fall into a shaft and drop 1 floor!
 11071 | Orc:2    | Noticed an orc knight
 11071 | Orc:2    | Noticed an orc knight
 11071 | Orc:2    | Noticed an orc warlord
 11071 | Orc:2    | Noticed an orc knight
 11071 | Orc:2    | Noticed an orc high priest
 11071 | Orc:2    | Found Dosompeq's Book Emporium.
 11081 | Orc:2    | Noticed an orc sorcerer
 11082 | Orc:2    | Killed from afar by an orc priest

Illustrated notes

Levels and vault maps discovered:
D:1:      saegor_arrival_simple_b, layout_loops_ring
D:2:      layout_basic, ebering_ecumenical_altar_webs
D:3:      layout_loops_ring, tgw_sif, lemuel_doored_altar, uniq_sigmund,
          uniq_grinder
D:4:      layout_loops_cross, nicolae_qazlal_eye_of_the_storm, chequers_jeans,
          uniq_blork_the_orc
D:5:      layout_loops_ring, mainiacjoe_overflow_cross_hatched, temple_doors_e
D:6:      layout_basic, dancing_weapons_uskayaw, fedhas_bush_and_centaur_altar,
          nicolae_overflow_squiral, kennysheep_pointless_box,
          grunt_ministairs_15, minmay_shop_grid_forest,
          kennysheep_generic_room_15, uniq_menkaure, uniq_duvessa
D:7:      layout_rooms, uniq_maggie
D:8:      minmay_curly_fans, layout_basic, cheibriados_altar_1,
          nrook_mini_vaults, minivault_10, chequers_serial_rivers_marsh
D:9:      layout_roguey, zin_treasury, mainiacjoe_overflow_chevrons, erik_orc_4,
          serial_shops, nicolae_lakefront_shop
D:10:     layout_grid_maze, dpeg_lair_monsters
D:11:     layout_small_grid
Temple:   hellmonk_temple_of_storms
Orc:1:    layout_diamond_mine, basic_altar, serial_shops,
          nicolae_shop_statue_plus
Orc:2:    grunt_orc_gardens, layout_diamond_mine, grunt_orc_garden,
          grunt_orc_garden, grunt_orc_garden, grunt_orc_garden, basic_altar,
          guppyfry_orc_lava_fort

Skill      XL: |  1  2  3  4  5  6  7  8  9 10 11 |
---------------+----------------------------------+-----
Armour         | 4 5 6 7 8 10 12 13 | 13.9
Axes           | 3 4 5 6 7 9 10 | 10.8
Fighting       | 4 8 |  8.1
Shields        | |  4.0

Action                   |  1- 3 |  4- 6 |  7- 9 | 10-12 || total
-------------------------+-------+-------+-------+-------++-------
Melee: War axe           |    59 |       |       |       ||    59
       Battleaxe         |     4 |    49 |   157 |   250 ||   460
Invok: Curse Item        |       |       |     1 |     3 ||     4
 Abil: Dig               |       |       |     9 |     7 ||    16
       Shaft Self        |       |       |       |     1 ||     1
Evoke: Wand              |       |       |     2 |     2 ||     4
  Use: Scroll            |       |     2 |    10 |     2 ||    14
       Potion            |       |       |     7 |     4 ||    11
 Stab: Distracted        |       |       |     2 |       ||     2
Armor: Scale mail        |    35 |    17 |    37 |    72 ||   161
       Steam dragon scal |       |       |    51 |       ||    51
Dodge: Dodged            |    40 |    13 |    94 |    84 ||   231
Block: Buckler           |    17 |    15 |    77 |     5 ||   114
       Kite shield       |       |       |       |    70 ||    70
       Tower shield      |       |       |       |   103 ||   103

Table legend: (Time is in decaauts)
 A = Elapsed time spent in this place.
 B = Non-inter-level travel time spent in this place.
 C = Inter-level travel time spent in this place.
 D = Time resting spent in this place.
 E = Time spent auto-exploring this place.
 F = Levels seen in this place.
 G = Mean time per level.
                   A        B        C        D        E       F      G
               +--------+--------+--------+--------+--------+-----+--------+
         Total |  11301 |  10309 |    992 |   1732 |   5281 |  14 |  807.2 |
       Dungeon |  10399 |   9506 |    893 |   1726 |   4840 |  11 |  945.4 |
        Temple |     56 |     52 |      4 |      0 |      6 |   1 |   56.0 |
  Orcish Mines |    845 |    751 |     94 |      6 |    435 |   2 |  422.5 |
               +--------+--------+--------+--------+--------+-----+--------+

Top non-repeatable levels by time:
     D:6: 1794 daAuts
     D:5: 1504 daAuts
     D:9: 1456 daAuts
     D:8: 1241 daAuts
     D:3: 945 daAuts
   Orc:1: 831 daAuts
     D:4: 805 daAuts
    D:10: 803 daAuts
     D:1: 690 daAuts
     D:7: 504 daAuts
     D:2: 486 daAuts
    D:11: 167 daAuts
  Temple: 56 daAuts
   Orc:2: 14 daAuts
